 Dungeon Crawl Stone Soup version 0.29-a0-284-gf9362112df (webtiles) character file.

Game seed: 4511919030237856512

226 epen the Archer (level 6, -2/50 HPs)
             Began as a Gnoll Hunter on Mar 14, 2022.
             Slain by a gnoll
             ... wielding a +0 club
              (4 damage)
             ... on level 2 of the Dungeon.
             The game lasted 00:03:14 (2344 turns).

epen the Archer (Gnoll Hunter)                      Turns: 2344, Time: 00:03:14

Health: -2/50      AC:  3    Str: 11    XL:     6   Next: 1%
Magic:  8/8        EV: 14    Int:  8    God:
Gold:   108        SH:  0    Dex: 17    Spells: 8/8 levels left

rFire   . . .      SeeInvis .   a - +1 shortbow
rCold   . . .      Faith    .   (shield currently unavailable)
rNeg    . . .      Spirit   .   b - +0 leather armour
rPois   .          Reflect  .   (no helmet)
rElec   .          Harm     .   (no cloak)
rCorr   .          Rampage  .   (no gloves)
Will    .....                   (no boots)
Stlth   ++........              (no amulet)
HPRegen 0.16/turn               (no ring)
MPRegen 0.11/turn               (no ring)

@: weak-willed
A: fangs 1, strong nose, distributed training
a: no special abilities


You were on level 2 of the Dungeon.
You visited 1 branch of the dungeon, and saw 3 of its levels.

You collected 186 gold pieces.
You spent 78 gold pieces at shops.

Inventory:

Hand Weapons
 a - a +1 shortbow (weapon)
 g - a +1 dagger of speed
 t - a +2 short sword of protection
Armour
 b - a +0 leather armour (worn)
Scrolls
 c - a scroll of immolation
 h - 6 scrolls of teleportation
 k - 2 scrolls of magic mapping {unknown}
 l - a scroll of enchant weapon {unknown}
 m - a scroll of brand weapon {unknown}
 q - a scroll of noise {unknown}
 s - 2 scrolls of identify {unknown}
Potions
 d - a potion of might {unknown}
 e - a potion of ambrosia {unknown}
 f - a potion of heal wounds {unknown}
 j - a potion of attraction {unknown}
 n - a potion of curing {unknown}
 o - 2 potions of invisibility {unknown}
 p - a potion of cancellation {unknown}
 r - a potion of resistance {unknown}


   Skills:
 + Level 4.9 Fighting
 + Level 1.7 Short Blades
 + Level 1.7 Long Blades
 + Level 1.7 Axes
 + Level 1.7 Maces & Flails
 + Level 1.7 Polearms
 + Level 1.7 Staves
 + Level 1.7 Slings
 + Level 8.7 Bows
 + Level 1.7 Crossbows
 + Level 1.7 Throwing
 + Level 1.7 Armour
 + Level 4.9 Dodging
 + Level 2.9 Stealth
 + Level 1.7 Shields
 + Level 1.7 Unarmed Combat
 + Level 1.7 Spellcasting
 + Level 1.3 Conjurations
 + Level 1.3 Hexes
 + Level 1.3 Summonings
 + Level 1.3 Necromancy
 + Level 1.3 Translocations
 + Level 1.3 Transmutations
 + Level 1.3 Fire Magic
 + Level 1.3 Ice Magic
 + Level 1.3 Air Magic
 + Level 1.3 Earth Magic
 + Level 1.3 Poison Magic
 + Level 2.0 Invocations
 + Level 1.7 Evocations


You had 8 spell levels left.
You didn't know any spells.
Your spell library was empty.

Dungeon Overview and Level Annotations

Branches:
Dungeon (3/15)

Altars:
Cheibriados
Makhleb
Vehumet

Shops:
D:3 *


Innate Abilities, Weirdness & Mutations

You have very sharp teeth.
Your uncanny sense of smell can sniff out nearby items.
Your experience applies equally to all skills.


Message History

Your Invocations skill increases to level 2!
You have reached level 6!
The gnoll attacks as you move away! The gnoll hits you with a +0 club.
* * * LOW HITPOINT WARNING * * *
The gnoll attacks as you move away! The gnoll hits you with a +0 club.
* * * LOW HITPOINT WARNING * * *
There is a stone staircase leading up here.
The gnoll closely misses you.
You climb upwards.
There is a stone staircase leading down here.
You are too injured to fight recklessly!
Shoot: a) +1 shortbow
Press: ? - help, Q - select action Shift-Dir - straight line, f - gnoll
Aim: a gnoll, wielding a +0 club (70% to hit)
You shoot an arrow. The arrow hits the gnoll.
The gnoll is lightly wounded.
The gnoll misses you.
Shoot: a) +1 shortbow
Press: ? - help, Q - select action Shift-Dir - straight line, f/p - gnoll
Aim: a gnoll, wielding a +0 club (lightly wounded, 70% to hit)
You shoot an arrow.
The arrow hits the gnoll but does no damage.
The gnoll is lightly wounded.
The gnoll closely misses you. The gnoll misses you.
Shoot: a) +1 shortbow
Press: ? - help, Q - select action Shift-Dir - straight line, f/p - gnoll
Aim: a gnoll, wielding a +0 club (lightly wounded, 70% to hit)
You shoot an arrow. The arrow hits the gnoll.
The gnoll is moderately wounded.
Your hearing returns.
The gnoll hits you with a +0 club!
* * * LOW HITPOINT WARNING * * *
Shoot: a) +1 shortbow
Press: ? - help, Q - select action Shift-Dir - straight line, f/p - gnoll
Aim: a gnoll, wielding a +0 club (moderately wounded, 70% to hit)
You shoot an arrow.
The arrow hits the gnoll but does no damage.
The gnoll is moderately wounded.
The gnoll hits you with a +0 club.
You die...

#..# #.######....
#..# #..# ##... ##<#
##.# ##.. #.## #.#
#.# #..## #.## #.#
##..## #..# #.#
####..# ##.### #.#
########.g..## #...#
##.# #.........@##
###.# #...
#..<.......#######
#.# #[.#
#...........#....#
#.###..#
#................#
#.#.)..#
########.##......#
#.#...##
#....._...###.#..##.
##..........[....##.
##......####....##.
######## #.......


You could see a gnoll.

Vanquished Creatures
  A necrophage (D:3)
  4 adders
  4 gnolls (D:2)
  2 worms
  3 dart slugs
  An orc (D:3)
  7 ball pythons
  7 endoplasms
  4 giant cockroaches
  5 goblins
  10 hobgoblins
  5 jackals (D:1)
  3 kobolds
  3 quokkas
  4 bats
  6 frilled lizards
  6 rats
75 creatures vanquished.

Notes
Turn   | Place    | Note
-------+----------+-------------------------------------------
     0 | D:1      | epen the Gnoll Hunter began the quest for the Orb.
     0 | D:1      | Reached XP level 1. HP: 20/20 MP: 1/1
   138 | D:1      | Reached XP level 2. HP: 26/26 MP: 2/2
   406 | D:1      | Reached XP level 3. HP: 31/31 MP: 3/3
   875 | D:1      | Reached skill level 1 in Invocations
  1028 | D:2      | Reached skill level 1 in Short Blades
  1028 | D:2      | Reached skill level 1 in Long Blades
  1028 | D:2      | Reached skill level 1 in Axes
  1028 | D:2      | Reached skill level 1 in Maces & Flails
  1028 | D:2      | Reached skill level 1 in Polearms
  1028 | D:2      | Reached skill level 1 in Staves
  1028 | D:2      | Reached skill level 1 in Slings
  1028 | D:2      | Reached skill level 1 in Crossbows
  1028 | D:2      | Reached skill level 1 in Throwing
  1028 | D:2      | Reached skill level 1 in Armour
  1028 | D:2      | Reached skill level 1 in Shields
  1028 | D:2      | Reached skill level 1 in Unarmed Combat
  1028 | D:2      | Reached skill level 1 in Spellcasting
  1028 | D:2      | Reached skill level 1 in Evocations
  1348 | D:2      | Found a radiant altar of Vehumet.
  1433 | D:2      | Reached XP level 4. HP: 38/38 MP: 5/5
  1448 | D:2      | Reached skill level 1 in Conjurations
  1448 | D:2      | Reached skill level 1 in Hexes
  1448 | D:2      | Reached skill level 1 in Summonings
  1448 | D:2      | Reached skill level 1 in Necromancy
  1448 | D:2      | Reached skill level 1 in Translocations
  1448 | D:2      | Reached skill level 1 in Transmutations
  1448 | D:2      | Reached skill level 1 in Fire Magic
  1448 | D:2      | Reached skill level 1 in Ice Magic
  1448 | D:2      | Reached skill level 1 in Air Magic
  1448 | D:2      | Reached skill level 1 in Earth Magic
  1448 | D:2      | Reached skill level 1 in Poison Magic
  1625 | D:2      | Found a faded altar of an unknown god.
  1625 | D:2      | Noticed a Brimstone Fiend
  1927 | D:2      | Reached XP level 5. HP: 41/43 MP: 6/6
  2246 | D:3      | Found a burning altar of Makhleb.
  2246 | D:3      | Found a snail-covered altar of Cheibriados.
  2305 | D:3      | Found Ytalull's Assorted Antiques.
  2321 | D:3      | Bought a scroll labelled KEMEL GI SETEM for 27 gold pieces
  2321 | D:3      | Bought a scroll labelled KEMEL GI SETEM for 27 gold pieces
  2322 | D:3      | Bought a black potion for 24 gold pieces
  2334 | D:3      | Reached XP level 6. HP: 15/50 MP: 8/8
  2343 | D:2      | HP: 2/50 [gnoll/+0 club (8)]
  2344 | D:2      | Slain by a gnoll

Illustrated notes

Levels and vault maps discovered:
D:1:      sevenhm_arrival_forest_fort_small_3, layout_basic, minmay_pentomino_x4
D:2:      layout_rooms, dreamdust_ecumenical_altar_sealed_demon, basic_altar,
          minmay_joined_circles
D:3:      layout_basic, kennysheep_orc_sif_temple,
          nicolae_overflow_hidden_temple, serial_shops, shop

Skill      XL: |  1  2  3  4  5 |
---------------+----------------+-----
Invocations    | 1 2 |  2.0
Short Blades   | 1 |  1.7
Long Blades    | 1 |  1.7
Axes           | 1 |  1.7
Maces & Flails | 1 |  1.7
Polearms       | 1 |  1.7
Staves         | 1 |  1.7
Slings         | 1 |  1.7
Crossbows      | 1 |  1.7
Throwing       | 1 |  1.7
Armour         | 1 |  1.7
Shields        | 1 |  1.7
Unarmed Combat | 1 |  1.7
Spellcasting   | 1 |  1.7
Evocations     | 1 |  1.7
Conjurations   | 1 |  1.3
Hexes          | 1 |  1.3
Summonings     | 1 |  1.3
Necromancy     | 1 |  1.3
Translocations | 1 |  1.3
Transmutations | 1 |  1.3
Fire Magic     | 1 |  1.3
Ice Magic      | 1 |  1.3
Air Magic      | 1 |  1.3
Earth Magic    | 1 |  1.3
Poison Magic   | 1 |  1.3
Fighting       | |  4.9
Bows           | |  8.7
Dodging        | |  4.9
Stealth        | |  2.9

Action                   |  1- 3 |  4- 6 || total
-------------------------+-------+-------++-------
Melee: Shortbow          |    17 |       ||    17
       Bite              |     2 |       ||     2
 Fire: Shortbow          |   104 |   108 ||   212
  Use: Scroll            |       |     3 ||     3
Armor: Leather armour    |    14 |     8 ||    22
Dodge: Dodged            |    36 |    36 ||    72

Table legend: (Time is in decaauts)
 A = Elapsed time spent in this place.
 B = Non-inter-level travel time spent in this place.
 C = Inter-level travel time spent in this place.
 D = Time resting spent in this place.
 E = Time spent auto-exploring this place.
 F = Levels seen in this place.
 G = Mean time per level.
                   A        B        C        D        E       F      G
               +--------+--------+--------+--------+--------+-----+--------+
         Total |   2370 |   2291 |     79 |    321 |   1533 |   3 |  790.0 |
       Dungeon |   2370 |   2291 |     79 |    321 |   1533 |   3 |  790.0 |
               +--------+--------+--------+--------+--------+-----+--------+

Top non-repeatable levels by time:
     D:1: 1335 daAuts
     D:2: 810 daAuts
     D:3: 225 daAuts
